 Dungeon Crawl Stone Soup version 0.21.1-1-g345015fe64 (webtiles) character file.

8012 Kejsarherre the Slinger (level 11, -1/70 HPs)
             Began as a Halfling Hunter on May 1, 2018.
             Was an Elder of Okawaru.
             Slain by a six-headed hydra (8 damage)
             ... on level 11 of the Dungeon.
             The game lasted 00:54:15 (12174 turns).

Kejsarherre the Slinger (Halfling Hunter)          Turns: 12174, Time: 00:54:17

Health: -1/70      AC:  6    Str: 13    XL:     11   Next: 47%
Magic:  19/20      EV: 20    Int:  9    God:    Okawaru [****..]
Gold:   515        SH:  7    Dex: 19    Spells: 19/22 levels left

rFire    . . .     SeeInvis .   a - +2 hunting sling
rCold    + . .     Gourm    .   p - +0 buckler
rNeg     . . .     Faith    .   c - +0 leather armour
rPois    .         Spirit   .   (no helmet)
rElec    .         Reflect  .   b - +0 cloak
rCorr    .         Harm     .   (no gloves)
MR       .....                  u - +0 pair of boots
Stlth    +++.......             (no amulet)
HPRegen  0.21/turn              i - ring of flight
MPRegen  0.17/turn              (no ring)

@: heroism
A: small, cold resistance 1, mutation resistance 1
a: Heroism, Renounce Religion, Evoke Flight


You were on level 11 of the Dungeon.
You worshipped Okawaru.
Okawaru was greatly pleased with you.
You were not hungry.

You visited 2 branches of the dungeon, and saw 12 of its levels.

You collected 515 gold pieces.

Inventory:

Hand Weapons
 a - a +2 hunting sling (weapon)
 G - a +1 scimitar of flaming
 H - a +0 dagger of distortion
Missiles
 d - 63 sling bullets (quivered)
 o - 124 stones
 s - 55 poisoned needles
Armour
 b - a +0 cloak (worn)
 c - a +0 leather armour (worn)
 p - a +0 buckler (worn)
 u - a +0 pair of boots (worn)
 w - a +0 ring mail
Jewellery
 i - a ring of flight (left hand)
Wands
 l - a wand of flame (18)
 D - a wand of random effects (32)
Scrolls
 g - 3 scrolls of magic mapping
 j - 2 scrolls of amnesia
 k - 6 scrolls of remove curse
 r - 3 scrolls of enchant armour
 t - 3 scrolls of identify
 v - 2 scrolls of enchant weapon
 B - 4 scrolls of fear
 E - 5 scrolls of teleportation
Potions
 h - a potion of agility
 m - 2 potions of flight
 n - a potion of brilliance
 q - a potion of cancellation
 x - 5 potions of curing
 A - a potion of resistance
 C - a potion of magic
Books
 y - a book of Maledictions

   Spells                             Type                      Level
   a - Corona                         Hexes                        1
   b - Ensorcelled Hibernation        Hexes/Ice                    2
   c - Confuse                        Hexes                        3
   d - Tukima's Dance                 Hexes                        3
   e - Dazzling Spray                 Conjuration/Hexes            3
 z - a book of Clouds

   Spells                             Type                      Level
   a - Poisonous Vapours              Poison/Air                   2
   b - Mephitic Cloud                 Conjuration/Poison/Air       3
   c - Conjure Flame                  Conjuration/Fire             3
   d - Freezing Cloud                 Conjuration/Ice/Air          6
   e - Ring of Flames                 Charms/Fire                  7
Comestibles
 f - 13 rations


   Skills:
 - Level 4.8(9.8) Fighting
 - Level 12.6(17.6) Slings
 - Level 3.2(8.2) Armour
 - Level 2.1(7.1) Dodging
 - Level 1.1(6.1) Stealth
 - Level 6.1 Spellcasting
 + Level 3.4 Conjurations
 + Level 7.0 Air Magic
 + Level 4.2 Poison Magic
 - Level 6.1 Invocations


You had 19 spell levels left.
You knew the following spells:

 Your Spells              Type           Power        Failure   Level  Hunger
a - Mephitic Cloud        Conj/Pois/Air  ##......     11%         3    ###....


Dungeon Overview and Level Annotations

Branches:
Dungeon (11/15)            Temple (1/1) D:5            Lair (0/6) D:8
    Orc (0/2) D:9

Altars:
Ashenzari
Cheibriados
Dithmenos
Elyvilon
Fedhas
Gozag
Hepliaklqana
Kikubaaqudgha
Nemelex Xobeh
Okawaru
Qazlal
Ru
Sif Muna
Trog
Uskayaw
Vehumet
Wu Jian
Xom
Yredelemnul
Zin
The Shining One

Annotations:
D:2 Sigmund


Innate Abilities, Weirdness & Mutations

You are small and have problems with some larger weapons.
You are somewhat resistant to further mutation.
Your flesh is cold resistant. (rC+)


Message History

Firing (i - inventory. (,) - cycle):
d - 64 sling bullets (quivered)
Press: ? - help, Shift-Dir - straight line, f/p - six-headed hydra
Aim: a six-headed hydra (almost dead)
You shoot a sling bullet.
The sling bullet barely misses the six-headed hydra.
The six-headed hydra bites you. The six-headed hydra bites you!
* * * LOW HITPOINT WARNING * * *
The six-headed hydra bites you.
* * * LOW HITPOINT WARNING * * *
The six-headed hydra bites you.
* * * LOW HITPOINT WARNING * * *
The six-headed hydra closely misses you.
You block the six-headed hydra's attack.
You feel much better. The six-headed hydra misses you.
The six-headed hydra bites you!
* * * LOW HITPOINT WARNING * * *
The six-headed hydra bites you!
* * * LOW HITPOINT WARNING * * *
The six-headed hydra bites you!
You die...

#......)...#
#..######..#
#..# #..#
#..# #....
#..# #..###
##..# ##.#
#[..# .#
#[[.#######.#
#@.........
#D.#######.
###..######
#..........
#.#(.#####.
#.#(.# #.#(.#
#.#(.##
#.#...# #


You could see a six-headed hydra.

Vanquished Creatures
  Erica (D:9)
  A two-headed ogre (D:8)
  Psyche (D:9)
  3 slime creatures
  A hippogriff (D:11)
  4 yaks
  3 hungry ghosts
  2 ice beasts
  2 sky beasts
  A black bear (D:11)
  7 orc warriors
  A necrophage (D:10)
  5 ogres
  An eye of draining (D:10)
  A centaur (D:7)
  2 big kobolds
  4 bullfrogs
  6 scorpions
  4 killer bees (D:10)
  4 wights
  2 howler monkeys
  4 jellies
  4 crimson imps
  A quasit (D:9)
  4 centaur zombies
  2 centaur skeletons
  4 hounds
  8 orc wizards
  6 orc priests
  4 bullfrog skeletons
  2 iguanas
  8 worker ants
  A killer bee zombie (D:9)
  A hound skeleton (D:6)
  A howler monkey zombie (D:6)
  A worker ant zombie (D:10)
  9 gnolls
  3 howler monkey skeletons
  9 adders
  2 shadow imps
  An ooze (D:4)
  An adder skeleton (D:8)
  2 worms (D:2)
  A dart slug (D:1)
  8 leopard geckos
  61 orcs
  5 bats (D:1)
  6 giant cockroaches
  14 goblins
  6 hobgoblins
  14 jackals
  A ball python (D:1)
  4 frilled lizards
  13 kobolds
  10 rats
277 creatures vanquished.

Notes
Turn   | Place    | Note
-------+----------+-------------------------------------------
     0 | D:1      | Kejsarherre the Halfling Hunter began the quest for the Orb.
     0 | D:1      | Reached XP level 1. HP: 14/14 MP: 1/1
    37 | D:1      | Reached skill level 6 in Slings
    77 | D:1      | Reached XP level 2. HP: 19/19 MP: 2/2
   325 | D:1      | Reached XP level 3. HP: 24/24 MP: 3/3
   334 | D:1      | Reached skill level 7 in Slings
   636 | D:1      | Reached XP level 4. HP: 25/29 MP: 4/4
  1018 | D:2      | Found an opulent altar of Gozag.
  1180 | D:2      | Noticed Sigmund
  1312 | D:2      | Reached skill level 8 in Slings
  1492 | D:2      | Reached XP level 5. HP: 30/35 MP: 5/5
  2059 | D:3      | Reached skill level 9 in Slings
  2276 | D:3      | Reached XP level 6. HP: 41/41 MP: 6/6
  2591 | D:4      | Got a jewelled whip
  2592 | D:4      | Identified the +8 whip "Wafaics" {freeze, *Drain rPois rC- Dex+10} (You found it on level 4 of the Dungeon)
  2968 | D:4      | Reached skill level 10 in Slings
  2993 | D:4      | Reached XP level 7. HP: 46/46 MP: 7/7
  3313 | D:5      | Entered Level 5 of the Dungeon
  3404 | D:5      | Found a hazy altar of Hepliaklqana.
  3419 | D:5      | Reached skill level 11 in Slings
  3432 | D:5      | Found a staircase to the Ecumenical Temple.
  3445 | Temple   | Entered the Ecumenical Temple
  3632 | D:5      | Found an iron altar of Okawaru.
  3669 | D:5      | Became a worshipper of Warmaster Okawaru
  3759 | D:5      | Found a basalt altar of Yredelemnul.
  3761 | D:5      | Found a snail-covered altar of Cheibriados.
  3796 | D:5      | Found a shadowy altar of Dithmenos.
  3846 | D:6      | Reached XP level 8. HP: 38/54 MP: 8/8
  3904 | D:6      | Found a white marble altar of Elyvilon.
  4072 | D:6      | Noticed a troll
  4093 | D:6      | Reached skill level 12 in Slings
  4132 | D:6      | Found a blossoming altar of Fedhas.
  4942 | D:6      | Found a deep blue altar of Sif Muna.
  5562 | D:7      | Reached * piety under Okawaru
  5641 | D:7      | Reached skill level 1 in Invocations
  5655 | D:7      | Found a hide-covered altar of Uskayaw.
  5922 | D:7      | Found a sparkling altar of Nemelex Xobeh.
  5925 | D:7      | Found a sacrificial altar of Ru.
  6235 | D:8      | Found a staircase to the Lair.
  6263 | D:8      | Reached XP level 9. HP: 60/60 MP: 10/12
  6335 | D:8      | Reached skill level 5 in Invocations
  6360 | D:8      | Reached ** piety under Okawaru
  6581 | D:8      | Reached skill level 1 in Armour
  6699 | D:8      | Learned a level 3 spell: Mephitic Cloud
  6880 | D:8      | Reached skill level 1 in Spellcasting
  7002 | D:8      | Noticed a two-headed ogre
  7052 | D:8      | Killed a two-headed ogre
  7052 | D:8      | Reached *** piety under Okawaru
  7234 | D:8      | Reached XP level 10. HP: 65/65 MP: 16/16
  7419 | D:9      | Noticed Erica
  7439 | D:9      | Killed Erica
  7509 | D:9      | Found a staircase to the Orcish Mines.
  7987 | D:9      | Reached skill level 1 in Air Magic
  7987 | D:9      | Reached skill level 1 in Poison Magic
  7994 | D:9      | Found a radiant altar of Vehumet.
  8005 | D:9      | Gained mutation: Your flesh is cold resistant. (rC+) [potion of mutation]
  8060 | D:9      | Reached skill level 1 in Conjurations
  8382 | D:8      | Reached **** piety under Okawaru
  8788 | D:9      | Noticed Psyche
  8793 | D:10     | Entered Level 10 of the Dungeon
  8799 | D:9      | Received a gift from Okawaru
  8851 | D:9      | Killed Psyche
  8959 | D:8      | Reached XP level 11. HP: 25/70 MP: 20/20
  9343 | D:9      | Received a gift from Okawaru
 10501 | D:10     | Received a gift from Okawaru
 10593 | D:10     | Got a smelly leather armour
 10801 | D:10     | Reached skill level 5 in Air Magic
 11713 | D:10     | Identified the +2 leather armour of Action {rElec rC- rCorr Str-2} (You took it off an orc wizard on level 10 of the Dungeon)
 11953 | D:11     | Received a gift from Okawaru
 12063 | D:11     | Noticed a six-headed hydra
 12174 | D:11     | Slain by a six-headed hydra

Skill      XL: |  1  2  3  4  5  6  7  8  9 10 11 |
---------------+----------------------------------+-----
Slings         | 6 7 8 9 10 11 12 | 12.6
Fighting       | 2 3 4 |  4.8
Invocations    | 4 6 |  6.1
Armour         | 3 |  3.2
Spellcasting   | 4 6 |  6.1
Air Magic      | 3 7 |  7.0
Poison Magic   | 3 4 |  4.2
Conjurations   | 2 3 |  3.4
Dodging        | |  2.1
Stealth        | |  1.1

Action                   |  1- 3 |  4- 6 |  7- 9 | 10-12 || total
-------------------------+-------+-------+-------+-------++-------
 Fire: Hunting sling     |    72 |   194 |   432 |   769 ||  1467
Invok: Heroism           |       |       |     1 |     6 ||     7
Evoke: Wand              |       |       |     2 |    10 ||    12
  Use: Scroll            |     1 |     5 |     9 |     2 ||    17
       Potion            |       |     1 |     9 |     5 ||    15
  Eat: Chunk             |       |     3 |     2 |    12 ||    17
       Ration            |       |     1 |     3 |     2 ||     6
Armor: Leather armour    |     3 |     9 |    13 |    52 ||    77
Dodge: Dodged            |    12 |    54 |    64 |   175 ||   305
Block: Buckler           |       |       |     7 |    67 ||    74
